Map: Ephemeron LE

Players

Amnesiä

  • Race: Terran Terran
  • League: Diamond
  • Spawn Location: 5:00

Mez - Winner!

  • Race: Terran Terran
  • League: Master
  • Spawn Location: 11:00

VOD

Have the link to the VOD?

Description

Time

  • Played on: Aug. 21, 2019, 9:27 p.m.
  • Length: 13:02
Show
View Real Time Build Order
Export as new Build Order

Amnesiä Terran 

Build Orders: 1/1/1, Liberator Opening 

Get SALT Encoding   

  12  0:00  SCV  
  13  0:13  SCV  
  14  0:17  Supply Depot  
  14  0:25  SCV  
  14  0:27  Refinery  
  15  0:39  SCV  
  16  0:45  Barracks  
  16  0:51  SCV  
  17  1:03  SCV  
  18  1:04  Refinery  
  18  1:15  SCV  
  19  1:32  Orbital Command, Reaper  
  20  1:38  Factory  
  20  1:49  Supply Depot  
  20  1:59  SCV  
  21  2:04  Reaper  
  22  2:11  SCV  
  23  2:16  Supply Depot  
  23  2:22  Hellion  
  25  2:23  SCV  
  25  2:27  Starport  
  26  2:36  Reaper  
  27  2:43  Hellion  
  29  2:49  SCV  
  30  2:52  Supply Depot  
  30  3:07  Factory Tech Lab  
  30  3:22  Command Center  
  30  3:23  Barracks Reactor  
  28  3:35  Liberator  
  26  3:51  Cyclone  
  31  3:57  SCV  
  31  4:00  Marine x2  
  34  4:14  Command Center  
  34  4:18  Marine x2  
  36  4:25  Cyclone  
  39  4:34  SCV  
  39  4:36  Marine x2  
  42  4:42  Starport Tech Lab  
  42  4:45  Bunker  
  42  4:55  Orbital Command  
  40  5:05  Marine x2, Siege Tank  
  43  5:07  SCV  
  44  5:19  SCV  
  45  5:23  Raven  
  45  5:25  Orbital Command  
  47  5:28  SCV  
  47  5:31  SCV  
  47  5:35  Marine x2  
  51  5:39  Barracks  
  51  5:40  SCV  
  52  5:46  Barracks  
  52  5:50  SCV  
  52  5:51  SCV  
  52  5:53  SCV  
  55  5:57  Siege Tank  
  55  6:01  Marine x2  
  55  6:03  SCV x2  
  62  6:05  SCV  
  63  6:12  Orbital Command  
  63  6:14  Supply Depot  
  63  6:15  SCV  
  63  6:17  Refinery  
  62  6:19  Marine x2  
  62  6:20  Refinery  
  62  6:22  SCV  
  64  6:27  SCV  
  65  6:33  Engineering Bay  
  65  6:34  Starport Reactor  
  65  6:35  Barracks Reactor  
  65  6:36  Siege Tank, Engineering Bay  
  68  6:40  Stimpack  
  68  6:41  Marine  
  68  6:42  Marine  
  70  6:53  SCV  
  72  6:54  Marine, SCV x2  
  72  6:59  Marine  
  73  7:05  SCV  
  72  7:16  Marine x2, Medivac x2  
  72  7:17  Marine x3, SCV  
  72  7:18  Siege Tank  
  85  7:34  Marine x3  
  85  7:37  Marine  
  85  7:38  Orbital Command  
  66  7:49  Marine  
  66  7:50  Siege Tank  
  70  7:52  Marine x2  
  70  7:56  Terran Infantry Armor Level 1, Terran Infantry Weapons Level 1  
  70  7:57  Supply Depot  
  72  8:00  Marine  
  72  8:01  Marine  
  74  8:07  Marine  
  74  8:10  Marine x2  
  77  8:19  Marine x2  
  70  8:20  Combat Shield  
  70  8:22  Siege Tank, Viking x2  
  70  8:25  Marine  
  78  8:27  Marine  
  78  8:33  Supply Depot  
  79  8:35  Supply Depot  
  79  8:36  Barracks  
  79  8:37  Barracks  
  79  8:43  Marine x3  
  79  8:44  Marine  
  83  8:57  Armory  
  83  8:58  Medivac  
  85  9:14  Viking  
  85  9:16  Marine x3  
  90  9:19  Marine x2  
  92  9:28  Marine x2, Viking  
  96  9:32  Supply Depot  
  91  9:50  Terran Infantry Armor Level 2, Terran Infantry Weapons Level 2  
  80  10:28  Marine x5, Siege Tank  
  85  10:29  Marine  
  85  10:35  Marine  
  90  10:38  Medivac x2  
  94  10:46  Marine x2  
  96  11:00  Marine x4  
  96  11:01  Marine  
  96  11:02  Siege Tank  
  104  11:07  Medivac, Supply Depot  
  104  11:08  Medivac  
  104  11:35  Refinery  
  73  11:56  Marine x5  
  73  11:57  Marine x2  
  73  11:58  Siege Tank  
  73  12:00  Command Center  
  83  12:25  Marine x2  
  83  12:26  Marine x5  
  90  12:43  Marine x3  
Show
View Real Time Build Order
Export as new Build Order

Mez Terran - Winner!

Build Orders:  

Get SALT Encoding   

  12  0:00  SCV  
  13  0:12  SCV  
  14  0:18  Supply Depot  
  14  0:25  SCV  
  15  0:34  Refinery  
  15  0:39  SCV  
  16  0:45  Barracks  
  16  0:51  SCV  
  17  1:04  SCV  
  18  1:16  SCV  
  20  1:33  Reaper  
  20  1:34  Orbital Command  
  20  1:44  Command Center  
  20  1:56  Factory  
  20  2:00  SCV  
  21  2:10  Supply Depot  
  21  2:13  SCV, Barracks Reactor  
  22  2:18  Refinery  
  22  2:25  SCV  
  24  2:37  SCV  
  24  2:43  Factory Tech Lab  
  23  2:49  SCV  
  23  2:50  Marine x2  
  26  2:57  Refinery  
  26  3:01  Orbital Command  
  26  3:03  Cyclone  
  29  3:08  Marine x2  
  29  3:12  Starport  
  26  3:41  SCV x2  
  26  3:53  SCV x2  
  26  3:54  Starport Tech Lab  
  28  3:55  Cyclone  
  31  4:05  SCV x2  
  31  4:06  Marine x2  
  35  4:13  Raven  
  37  4:17  SCV x2  
  39  4:25  Supply Depot  
  39  4:27  Marine x2  
  39  4:29  SCV x2  
  43  4:32  Siege Tank  
  43  4:37  Supply Depot  
  46  4:46  Marine x2, SCV x2  
  46  4:52  Supply Depot  
  50  4:58  SCV x2  
  52  5:07  Siege Tank  
  52  5:08  Raven  
  52  5:10  SCV x2  
  59  5:22  SCV x2  
  58  5:29  Command Center  
  58  5:30  Marine x2  
  58  5:35  SCV x2, Supply Depot  
  62  5:40  Siege Tank  
  65  5:47  SCV x2  
  67  5:52  Barracks  
  67  5:53  Barracks  
  67  5:54  Raven  
  67  5:55  Marine  
  67  5:56  Marine  
  70  6:16  SCV x2  
  70  6:17  Siege Tank  
  77  6:28  Refinery, Engineering Bay  
  77  6:30  Engineering Bay  
  77  6:31  Supply Depot  
  75  6:41  SCV x2  
  75  6:42  Orbital Command  
  75  6:46  Stimpack, Barracks Reactor x2  
  77  6:47  Marine  
  78  6:55  Terran Infantry Armor Level 1, Terran Infantry Weapons Level 1  
  69  7:16  SCV  
  69  7:17  SCV  
  69  7:19  Orbital Command  
  69  7:20  Marine  
  69  7:21  Siege Tank  
  76  7:26  Barracks x2  
  76  7:29  SCV x2  
  72  7:38  Marine  
  72  7:41  SCV  
  74  7:45  Marine x4  
  74  7:49  SCV x2  
  80  7:53  SCV  
  80  7:56  Marine  
  80  7:57  Supply Depot  
  80  7:58  Supply Depot, Viking x2  
  86  7:59  Supply Depot  
  86  8:02  Siege Tank  
  86  8:03  Marine x4  
  93  8:13  Marine, SCV x2, Armory  
  96  8:20  Barracks Reactor  
  96  8:21  Marine x2, Barracks Reactor  
  96  8:26  Marine x2  
  100  8:28  Combat Shield, Medivac x2  
  100  8:31  Marine  
  100  8:33  SCV x3  
  108  8:42  Marine  
  108  8:43  Marine  
  108  8:44  Marine x2, Siege Tank  
  108  8:45  SCV  
  116  8:49  Supply Depot  
  116  8:50  Supply Depot, Refinery  
  116  8:52  Supply Depot, Refinery  
  117  8:58  Marine x3  
  117  8:59  Marine  
  117  9:00  Marine x2  
  122  9:03  Medivac  
  122  9:05  Factory  
  124  9:21  Marine x6  
  124  9:22  Marine x2  
  132  9:27  Siege Tank  
  132  9:28  Marine  
  136  9:36  Sensor Tower  
  135  9:38  Medivac  
  135  9:39  Marine x8  
  142  9:46  Marine, Sensor Tower  
  143  9:55  Factory Tech Lab, Missile Turret  
  143  9:56  Missile Turret  
  143  9:57  Marine, Missile Turret  
  144  10:06  Marine x5  
  149  10:15  Marine  
  149  10:16  Marine x3  
  146  10:21  Terran Infantry Armor Level 2, Terran Infantry Weapons Level 2  
  146  10:22  Viking  
  148  10:29  Marine  
  149  10:40  Supply Depot  
  149  10:41  Supply Depot  
  149  10:45  Marine x5, Terran Vehicle Weapons Level 1  
  147  11:01  Marine  
  147  11:02  Marine  
  149  11:08  Command Center  
  149  11:14  Marine x4, SCV x3  
  149  11:15  Marine x3  
  159  11:19  Marine x2  
  159  11:23  Siege Tank x2  
  167  11:32  Marine  
  165  11:41  Marine x5  
  165  11:42  Marine x2  
  165  11:43  Medivac x2  
  165  11:44  Marine  
  165  11:50  Marine  
  166  11:55  Siege Tank  
  166  11:57  Siege Tank  
  166  11:59  Marine  
  166  12:19  Marine x9  
  175  12:37  Marine x5  
Tags
 
Add a new tag
Caveats
  • Supply blocks, unpowered buildings, or Contaminate may cause inaccurate times.
  • Supply counts are checked every 10 seconds.